 Dungeon Crawl Stone Soup version 0.28.0-43-g3370ac3207 (webtiles) character file.

Game seed: 15400711474546779967

90 Descartes the Ruffian (level 4, -9/42 (44) HPs)
             Began as a Troll Chaos Knight on Mar 26, 2022.
             Was a Plaything of Xom.
             Mangled by Crazy Yiuf
             ... wielding a +2 quarterstaff of chaos
              (16 damage)
             ... on level 3 of the Dungeon.
             The game lasted 00:03:18 (2025 turns).

Descartes the Ruffian (Troll Chaos Knight)          Turns: 2025, Time: 00:03:20

HP:   -9/42 (44)    AC:  6    Str: 20    XL:     4   Next: 32%
MP:   3/3           EV: 10    Int: 10    God:    Xom [....*.]
Gold: 137           SH:  0    Dex: 11    Spells: 3/3 levels left

rFire   . . .      SeeInvis .     - Unarmed
rCold   . . .      Faith    .   (no shield)
rNeg    . . .      Spirit   .   a - +2 robe
rPois   .          Reflect  .   (helmet restricted)
rElec   .          Harm     .   (no cloak)
rCorr   .          Rampage  .   (gloves unavailable)
Will    .....                   (boots unavailable)
Stlth   +.........              (no amulet)
HPRegen 0.94/turn               (no ring)
MPRegen 0.08/turn               (no ring)

@: confused, lightly drained
A: large, unfitting armour, claws 3, regeneration 1, shaggy fur 1, tough skin 1,
antennae 1, large bone plates 1, clever 1
a: Renounce Religion


You were on level 3 of the Dungeon.
You worshipped Xom.
You were a beloved toy of Xom.
You visited 1 branch of the dungeon, and saw 3 of its levels.

You collected 137 gold pieces.

Inventory:

Hand Weapons
 k - a +0 dagger of flaming
Missiles
 e - 6 boomerangs (quivered)
 f - 205 stones
 o - 8 poisoned darts
 p - 3 atropa-tipped darts
Armour
 a - a +2 robe (worn)
Scrolls
 i - a scroll of fear {unknown}
 l - a scroll of blinking {unknown}
 m - a scroll of enchant weapon {unknown}
 q - a scroll of teleportation {unknown}
Potions
 b - a potion of lignification {unknown}
 c - a potion of magic {unknown}
 d - a potion of might {unknown}
 g - a potion of invisibility {unknown}
 h - 2 potions of curing {unknown}
 j - a potion of attraction {unknown}
 n - a potion of heal wounds {unknown}


   Skills:
 - Level 2.4 Fighting
 + Level 1.5 Throwing
 + Level 2.6 Dodging
 + Level 3.5 Unarmed Combat
 + Level 1.2 Evocations


You had 3 spell levels left.
You didn't know any spells.
Your spell library contained the following spells:

 Spells                   Type           Power      Damage    Failure   Level
 Confusing Touch          Hex            0%         N/A       75%         3
 Tukima's Dance           Hex            0%         N/A       75%         3
 Passage of Golubria      Tloc           0%         N/A       98%         4
 Yara's Violent Unravell  Hex/Tmut       0%         3d3       100%        5
 Enfeeble                 Hex            0%         N/A       100%        7


Dungeon Overview and Level Annotations

Branches:
Dungeon (3/15)

Altars:
Qazlal
Yredelemnul

Annotations:
D:3 Crazy Yiuf


Innate Abilities, Weirdness & Mutations

You are too large for most types of armour.
You have claws for hands.
Your natural rate of healing is unusually fast.
You are covered in fur. (AC +1)
You have tough skin. (AC +1)
You have a pair of small antennae on your head.
You are partially covered in large bone plates. (SH +4)
Your mind is acute. (Int +2)


Message History

You claw the hobgoblin!
You kill the hobgoblin!
No target in view!
No target in view!
No target in view!
No target in view!
No target in view!
No target in view!
No target in view!
No target in view!
No target in view!
No target in view!
You see here a hobgoblin corpse.
You see here a +0 pair of boots.
There is a shaft here.
You open the door. Crazy Yiuf barely misses you.
You closely miss Crazy Yiuf.
Crazy Yiuf hits you with a +2 quarterstaff of chaos!
You claw Crazy Yiuf!
Crazy Yiuf is moderately wounded.
Crazy Yiuf whimpers, "Announcement!
Proton sow sing."
Crazy Yiuf hits you with a +2 quarterstaff of chaos.
You feel drained.
You scratch Crazy Yiuf.
Crazy Yiuf is severely wounded.
Crazy Yiuf hits you with a +2 quarterstaff of chaos!
You are confused.
You bump into the stone wall.
Crazy Yiuf closely misses you.
You closely miss Crazy Yiuf.
Crazy Yiuf is severely wounded.
Crazy Yiuf hits you with a +2 quarterstaff of chaos.
Crazy Yiuf burns you.
You bump into the stone wall. "There, this looks better."
You are now a beloved toy of Xom.
Crazy Yiuf hits you with a +2 quarterstaff of chaos!
* * * LOW HITPOINT WARNING * * *
You are electrocuted!
You die...
Xom titters!

.....##########....####
#.#### #'..+# #.#
#PP.P# #.# ##P..# #.#
###### ##.## #.#
##....# ##.#
#.####...### #b##
#......#...# ##b#
.........### #@##
######..## #g# # #..#


bbb # #..# #...# # #..#### #)..# # #.....# ##### # #.###.# # #.# #.# ### ## #.#
#.# #.# You could see Crazy Yiuf.

Vanquished Creatures
  3 adders (D:3)
  A worm (D:2)
  3 dart slugs
  2 endoplasms
  3 giant cockroaches
  7 goblins
  11 hobgoblins
  4 jackals (D:1)
  4 ball pythons
  3 bats
  3 frilled lizards
  3 kobolds
  5 rats
52 creatures vanquished.

Notes
Turn   | Place    | Note
-------+----------+-------------------------------------------
     0 | D:1      | Descartes the Troll Chaos Knight began the quest for the
                  | Orb.
     0 | D:1      | Reached XP level 1. HP: 22/22 MP: 0/0
    65 | D:1      | XOM: silly message
   104 | D:1      | XOM: divination: magic mapping
   106 | D:1      | XOM: divination: detect items
   107 | D:1      | Reached XP level 2. HP: 29/29 MP: 1/1
   552 | D:2      | XOM: enchant monster (bad)
   559 | D:2      | XOM: fog
   579 | D:2      | Found a faded altar of an unknown god.
   661 | D:2      | Reached skill level 1 in Throwing
   696 | D:2      | XOM: give mutation
   696 | D:2      | Gained mutation: Your mind is acute. (Int +2) [Xom's grace]
   698 | D:2      | XOM: 6-stop teleportation journey
   735 | D:2      | Reached XP level 3. HP: 36/36 MP: 2/2
   871 | D:2      | Reached skill level 1 in Evocations
   949 | D:2      | XOM: give mutations
   949 | D:2      | Gained mutation: You are partially covered in large bone
                  | plates. (SH +4) [Xom's grace]
   949 | D:2      | Gained mutation: You have a pair of small antennae on your
                  | head. [Xom's grace]
  1139 | D:3      | Reached XP level 4. HP: 31/44 MP: 3/3
  1221 | D:3      | Found a stormy altar of Qazlal.
  1467 | D:3      | Found a runed translucent door.
  1468 | D:3      | Noticed Crazy Yiuf
  1559 | D:3      | Found a basalt altar of Yredelemnul.
  1812 | D:3      | XOM is BORED!
  1812 | D:3      | XOM: noise
  2025 | D:3      | XOM: scenery: summon butterflies
  2025 | D:3      | Mangled by Crazy Yiuf

Illustrated notes

Levels and vault maps discovered:
D:1:      dpeg_arrival_round_c, layout_basic, minmay_small_reverse_x
D:2:      layout_loops_ring, shapermc_ecumenical_altar_totnotflames
D:3:      layout_loops_ring, grunt_qazlal_sundering,
          mainiacjoe_overflow_alcove_1, roderic_serpentine_path,
          minmay_misc_feat_pillars, hangedman_decor_slide_cut, st_stairs_7,
          minmay_vboxes, uniq_crazy_yiuf_cottage

Skill      XL: |  1  2  3 |
---------------+----------+-----
Dodging        | 2 |  2.6
Throwing       | 1 |  1.5
Evocations     | 1 |  1.2
Fighting       | |  2.4
Unarmed Combat | |  3.5

Action                   |  1- 3 |  4- 6 || total
-------------------------+-------+-------++-------
Melee: Unarmed           |    97 |    35 ||   132
       Punch             |     2 |       ||     2
 Stab: Sleeping          |       |     2 ||     2
Armor: Robe              |    39 |    17 ||    56
Dodge: Dodged            |    48 |    15 ||    63
Block: Other             |     8 |     2 ||    10
